 Dungeon Crawl Stone Soup version 0.31-a0-354-g827e0957a7 (webtiles) character file.

Game seed: 16119552187215829651

142 mopl the Ruffian (level 5, -8/34 HPs)
             Began as an Octopode Shapeshifter on July 23, 2023.
             Was an Initiate of Uskayaw.
             Mangled by an iguana (15 damage)
             ... on level 4 of the Dungeon.
             The game lasted 00:02:59 (2326 turns).

mopl the Ruffian (Octopode Shapeshifter)            Turns: 2326, Time: 00:02:59

Health: -8/34      AC:  1    Str: 15    XL:     5   Next: 25%
Magic:  5/5        EV: 13    Int:  7    God:    Uskayaw [......]
Gold:   66         SH:  0    Dex: 14    Spells: 4/4 levels left

rFire   . . .        o - +8 battleaxe "Beastslayer" {venom, Fly Will+ Int-3}
rCold   . . .        (shield currently unavailable)
rNeg    + . .        (helmet currently unavailable)
rPois   .            (no amulet)
rElec   .            m - ring of positive energy
rCorr   .            u - ring of wizardry
SInv    .            (no ring)
Will    +....        (no ring)
Stlth   ++           (no ring)
HPRegen 0.25/turn    (no ring)
MPRegen 0.09/turn    (no ring)
                     (no ring)

%: wizardry (x1)
@: beast-form, flying
A: beast (slay +2), almost no armour, amphibious, 8 rings, camouflage 1,
gelatinous body 1, (nimble swimmer 1), tentacles
a: Begin Untransformation, Renounce Religion


You were on level 4 of the Dungeon.
You worshipped Uskayaw.
Uskayaw was noncommittal.
You were a hulking beast.
You visited 2 branches of the dungeon, and saw 5 of its levels.

You collected 183 gold pieces.
You spent 117 gold pieces at shops.

Inventory:

Hand Weapons
 o - the +8 battleaxe "Beastslayer" (weapon) {venom, Fly Will+ Int-3}
   (You found it on level 2 of the Dungeon)

   Int:       It affects your intelligence (-3).
   Fly:       It grants you flight.
   Will:      It increases your willpower.
Missiles
 j - 3 poisoned darts (quivered)
Jewellery
 m - a ring of positive energy (left tentacle)
 u - a ring of wizardry (right tentacle)
Talismans
 b - a beast talisman
Wands
 t - a wand of digging (6)
Scrolls
 d - 2 scrolls of enchant armour {unknown}
 e - a scroll of vulnerability {unknown}
 f - 4 scrolls of teleportation
 g - 5 scrolls of identify
 h - a scroll of noise {unknown}
 i - a scroll of revelation {unknown}
 n - 2 scrolls of fear
 r - a scroll of blinking {unknown}
Potions
 a - a potion of lignification {!q}
 c - a potion of might {unknown}
 k - a potion of magic {unknown}
 l - a potion of enlightenment {unknown}
 p - a potion of invisibility {unknown}
 q - a potion of ambrosia {unknown}
 s - 4 potions of curing {unknown}
 v - a potion of degeneration {unknown}


   Skills:
 + Level 2.0 Fighting
 + Level 2.7 Dodging
 * Level 4.2 Unarmed Combat
 + Level 0.0 Invocations
 * Level 3.7 Shapeshifting


You had 4 spell levels left.
You didn't know any spells.
Your spell library contained the following spells:

 Spells                   Type           Power      Damage    Failure   Level
 Summon Forest            Summ/Tloc      0%         N/A       99%         5
 Summon Mana Viper        Hex/Summ       0%         N/A       99%         5
 Summon Cactus Giant      Summ           0%         N/A       100%        6


Dungeon Overview and Level Annotations

Branches:
Dungeon (4/15)             Temple (1/1) D:4

Altars:
Dithmenos
Elyvilon
Fedhas
Gozag
Hepliaklqana
Makhleb
Nemelex Xobeh
Ru
Sif Muna
Trog
Uskayaw
Vehumet
Xom
Yredelemnul
Zin
The Shining One

Shops:
D:2 ?

Annotations:
D:4 1 transporter


Innate Abilities, Weirdness & Mutations

You are a hulking beast.
Your limbs bulge with bestial killing power. (Slay +2)
You cannot wear most types of armour.
You are amphibious.
You can wear up to eight rings at the same time.
Your skin changes colour to match your surroundings (Stealth+).
Your rubbery body absorbs attacks. (AC +1, EV +1)
((You are camouflaged when in or above water. (Stealth+)))
You have tentacles for arms and can constrict up to eight enemies at once.


Message History

The dart slug launches a dart at you. The slug dart misses you.
Found a brown potion.
Found a staircase to the Ecumenical Temple.
The dart slug launches a dart at you. The slug dart misses you.
You hit the dart slug but do no damage.
The dart slug is poisoned.
You grab the dart slug. You squeeze the dart slug!
You kill the dart slug!
No target in view!
You see here a dart slug corpse.
Found 8 gold pieces.
You see here a staff of air.
There is a staircase to the Ecumenical Temple here.
You fly downwards.
Welcome to the Ecumenical Temple!
Found a staircase back to the Dungeon.
There is a staircase back to the Dungeon here.
Found a blossoming altar of Fedhas and a shadowy altar of Dithmenos.
Found a hide-covered altar of Uskayaw.
Found a burning altar of Makhleb.
There is a hide-covered altar of Uskayaw here.
You hover solemnly before the altar of Uskayaw.
Uskayaw welcomes you!
There is a staircase back to the Dungeon here.
You fly upwards.
Welcome back to the Dungeon!
You hear the sound of rushing water.
There is an entrance to a sewer on this level.
Hurry and find it before the portal rusts away!
You hear the slow rusting of a very distant drain.
There is a staircase to the Ecumenical Temple here.
You now have 66 gold pieces (gained 8).
v - a brown potion An iguana comes into view.
Found a transporter.
Found a leather armour.
The iguana bites you!
You hit the iguana but do no damage.
The iguana is poisoned.
You grab the iguana. You constrict the iguana. The iguana bites you!
* * * LOW HITPOINT WARNING * * *
The iguana bites you!
You die...

##### #.##.§§~>~§~#
#..©. #...§~~§~~~~#
#....###...#.~~§~~.#
#....#......~~§..#
#....#..####.#####
+.......# #.#
#....##.# ...
#.....#.# ....
#..h..#.# ....#
#..l....# ...#
#.....### ...#
#....... #....####
#....# #.[..# ######


You could see an iguana (very poisoned).

Vanquished Creatures
  Robin (D:2)
  4 gnolls
  2 adders (D:3)
  A dart slug (D:4)
  An orc (D:3)
  5 ball pythons
  4 endoplasms
  2 giant cockroaches
  14 goblins
  10 hobgoblins
  4 jackals (D:2)
  5 quokkas
  7 bats
  A frilled lizard (D:1)
  A kobold (D:1)
  7 rats
69 creatures vanquished.

Notes
Turn   | Place    | Note
-------+----------+-------------------------------------------
     0 | D:1      | mopl the Octopode Shapeshifter began the quest for the Orb.
     0 | D:1      | Reached XP level 1. HP: 13/13 MP: 1/1
   350 | D:1      | Reached XP level 2. HP: 18/18 MP: 2/2
   909 | D:2      | Identified the +8 battleaxe "Beastslayer" {venom, Fly Will+
                  | Int-3}
   920 | D:2      | Reached XP level 3. HP: 22/23 MP: 3/3
   963 | D:2      | Noticed Robin
  1066 | D:2      | Reached XP level 4. HP: 19/28 MP: 4/4
  1192 | D:2      | Killed Robin
  1193 | D:2      | Reached skill level 4 in Unarmed Combat
  1391 | D:2      | Found Ebbal's Magic Scroll Shop.
  1397 | D:2      | Bought a scroll of identify for 26 gold pieces
  1397 | D:2      | Bought a scroll of teleportation for 39 gold pieces
  1719 | D:3      | Reached XP level 5. HP: 29/34 MP: 5/5
  1728 | D:3      | Reached skill level 2 in Fighting
  2221 | D:2      | Bought a scroll of fear for 52 gold pieces
  2272 | D:4      | Found a staircase to the Ecumenical Temple.
  2282 | Temple   | Entered the Ecumenical Temple
  2295 | Temple   | Became a worshipper of Uskayaw the Reveller
  2322 | D:4      | Found a transporter.
  2326 | D:4      | Mangled by an iguana

Illustrated notes

Levels and vault maps discovered:
D:1:      spicycebolla_green_bress_n_ham, layout_loops_corners
D:2:      layout_basic, serial_shops, nicolae_shop_rolling_square, uniq_robin
D:3:      layout_loops_ring
D:4:      gammafunk_cloud_chamber, layout_basic, minmay_temple_entry_mist,
          lightli_sewer_entry_pipes, minmay_misc_feat_more_columns
Temple:   eino_temple_scatter_basement

Skill      XL: |  1  2  3  4  5 |
---------------+----------------+-----
Unarmed Combat | 4 |  4.2
Fighting       | 2 |  2.0
Dodging        | |  2.7
Shapeshifting  | |  3.7

Action                     |  1- 3 |  4- 6 || total
---------------------------+-------+-------++-------
  Melee: Unarmed           |    28 |       ||    28
         Constrict         |    12 |     7 ||    19
         Tentacles         |     6 |     4 ||    10
         Battleaxe         |    16 |    36 ||    52
         Punch             |     2 |     1 ||     3
   Stab: Sleeping          |     6 |     9 ||    15
         Distracted        |       |     2 ||     2
 Armour: Skin              |     5 |     3 ||     8
  Dodge: Dodged            |    29 |    24 ||    53

Table legend: (Time is in decaauts)
 A = Elapsed time spent in this place.
 B = Non-inter-level travel time spent in this place.
 C = Inter-level travel time spent in this place.
 D = Time resting spent in this place.
 E = Time spent auto-exploring this place.
 F = Levels seen in this place.
 G = Mean time per level.
                   A        B        C        D        E       F      G
               +--------+--------+--------+--------+--------+-----+--------+
         Total |   2361 |   2209 |    152 |    244 |   1510 |   5 |  472.2 |
       Dungeon |   2335 |   2195 |    140 |    244 |   1510 |   4 |  583.8 |
        Temple |     26 |     14 |     12 |      0 |      0 |   1 |   26.0 |
               +--------+--------+--------+--------+--------+-----+--------+

Top non-repeatable levels by time:
     D:1: 1008 daAuts
     D:3: 643 daAuts
     D:2: 635 daAuts
     D:4: 47 daAuts
  Temple: 26 daAuts
